SNL (28 & UNDER)
WEST VIRGINIA POWER @ MONTGOMERY BISCUITS
05/18/2023
 
TOP OF THE 1ST
West Virginia Power batting - Pitching for Montgomery Biscuits : RHP Stanley Briggs
Pitching: RHP Stanley Briggs
Batting: RHB Alfonso Huertas 0-0: Ground out 3-1 (Groundball, 3)
Batting: RHB Eric Johnson 0-0: Ball
1-0: Ball
2-0: Swinging Strike
2-1: Swinging Strike
2-2: Foul Ball, location: 2F
2-2: Strikes out looking
Batting: RHB Wilson Gonzáles 0-0: Called Strike
0-1: Ball
1-1: Foul Ball, location: 2F
1-2: Ball
2-2: Ball
3-2: Strikes out looking
Top of the 1st over - 0 run(s), 0 hit(s), 0 error(s), 0 left on base; West Virginia 0 - Montgomery 0
BOTTOM OF THE 1ST
Montgomery Biscuits batting - Pitching for West Virginia Power : RHP Zózimo Pascoal
Pitching: RHP Zózimo Pascoal
Batting: RHB Gabriel Miranda 0-0: Swinging Strike
0-1: Foul Ball, location: 2F
0-2: Ball
1-2: Foul Ball, location: 2F
1-2: Ball
2-2: Foul Ball, location: 2F
2-2: Fly out, F4 (Popup, 4D)
Batting: RHB Orlando Sánchez 0-0: Ball
1-0: Fly out, F8 (Flyball, 89M)
Batting: LHB Ben Kelley 0-0: Ball
1-0: Swinging Strike
1-1: Foul Ball, location: 2F
1-2: Ball
2-2: Strikes out swinging passed ball, reaches first!
Batting: RHB Jean-Paul St-Pierre 0-0: Ball
1-0: Called Strike
1-1: Ball
2-1: Foul Ball, location: 2F
2-2: Strikes out swinging
Bottom of the 1st over - 0 run(s), 0 hit(s), 0 error(s), 1 left on base; West Virginia 0 - Montgomery 0
TOP OF THE 2ND
West Virginia Power batting - Pitching for Montgomery Biscuits : RHP Stanley Briggs
Batting: RHB Cristián Herrera 0-0: Called Strike
0-1: Ball
1-1: Foul Ball, location: 2F
1-2: Ball
2-2: Strikes out looking
Batting: RHB Rubén Ayala 0-0: Ball
1-0: Called Strike
1-1: Foul Ball, location: 2F
1-2: Ball
2-2: Foul Ball, location: 2F
2-2: Foul Ball, location: 2F
2-2: Ball
3-2: Foul Ball, location: 2F
3-2: Ground out 6-3 (Groundball, 6)
Batting: LHB Jesús Ángel 0-0: Foul Ball, location: 2F
0-1: Ground out 6-3 (Groundball, 6M)
Top of the 2nd over - 0 run(s), 0 hit(s), 0 error(s), 0 left on base; West Virginia 0 - Montgomery 0
BOTTOM OF THE 2ND
Montgomery Biscuits batting - Pitching for West Virginia Power : RHP Zózimo Pascoal
Batting: RHB Vicente Carona 0-0: Ball
1-0: Called Strike
1-1: Ground out 5-3 (Groundball, 56S)
Batting: RHB Pete Smith 0-0: Called Strike
0-1: Foul Ball, location: 2F
0-2: Foul Ball, location: 2F
0-2: Strikes out swinging
Batting: RHB Dave Williams 0-0: Called Strike
0-1: Fly out, F7 (Flyball, 78S)
Bottom of the 2nd over - 0 run(s), 0 hit(s), 0 error(s), 0 left on base; West Virginia 0 - Montgomery 0
TOP OF THE 3RD
West Virginia Power batting - Pitching for Montgomery Biscuits : RHP Stanley Briggs
Batting: LHB Ernie Jackson 0-0: Fly out, F4 (Popup, 4MD)
Batting: LHB Luis Pérez 0-0: Fly out, F8 (Flyball, 8RM)
Batting: RHB Jorge Ramírez 0-0: Swinging Strike
0-1: Ball
1-1: Swinging Strike
1-2: Ball
2-2: Ball
3-2: Strikes out swinging
Top of the 3rd over - 0 run(s), 0 hit(s), 0 error(s), 0 left on base; West Virginia 0 - Montgomery 0
BOTTOM OF THE 3RD
Montgomery Biscuits batting - Pitching for West Virginia Power : RHP Zózimo Pascoal
Batting: SHB Andrew Curran 0-0: Fly out, F7 (Flyball, 78S)
Batting: RHB Juan Flores 0-0: Foul Ball, location: 2F
0-1: Swinging Strike
0-2: Ball
1-2: Ball
2-2: Strikes out swinging
Batting: RHB Gabriel Miranda 0-0: Ball
1-0: Ground out 6-3 (Groundball, 6M)
Bottom of the 3rd over - 0 run(s), 0 hit(s), 0 error(s), 0 left on base; West Virginia 0 - Montgomery 0
TOP OF THE 4TH
West Virginia Power batting - Pitching for Montgomery Biscuits : RHP Stanley Briggs
Batting: RHB Alfonso Huertas 0-0: Foul Ball, location: 2F
0-1: Foul Ball, location: 2F
0-2: Ball
1-2: Strikes out looking
Batting: RHB Eric Johnson 0-0: Fly out, F7 (Flyball, 7S)
Batting: RHB Wilson Gonzáles 0-0: Fly out, F7 (Flyball, 7LS)
Top of the 4th over - 0 run(s), 0 hit(s), 0 error(s), 0 left on base; West Virginia 0 - Montgomery 0
BOTTOM OF THE 4TH
Montgomery Biscuits batting - Pitching for West Virginia Power : RHP Zózimo Pascoal
Batting: RHB Orlando Sánchez 0-0: Swinging Strike
0-1: Called Strike
0-2: Strikes out swinging
Batting: LHB Ben Kelley 0-0: Ball
1-0: Ball
2-0: Ball
3-0: Called Strike
3-1: Base on Balls
Batting: RHB Jean-Paul St-Pierre 0-0: Called Strike
0-1: Foul Ball, location: 2F
0-2: Foul Ball, location: 2F
0-2: Fly out, F5 (Line Drive, 56S)
Batting: RHB Vicente Carona 0-0: Foul Ball, location: 2F
0-1: Swinging Strike
0-2: Ball
1-2: Ball
2-2: Foul Ball, location: 2F
2-2: Ball
3-2: Foul Ball, location: 2F
3-2: Base on Balls
Ben Kelley to second
Batting: RHB Pete Smith 0-0: Ball
1-0: Ball
2-0: Ground out 1-3 (Groundball, 25)
Bottom of the 4th over - 0 run(s), 0 hit(s), 0 error(s), 2 left on base; West Virginia 0 - Montgomery 0
TOP OF THE 5TH
West Virginia Power batting - Pitching for Montgomery Biscuits : RHP Stanley Briggs
Batting: RHB Cristián Herrera 0-0: Called Strike
0-1: Ball
1-1: Foul Ball, location: 2F
1-2: Strikes out swinging
Batting: RHB Rubén Ayala 0-0: Ball
1-0: Called Strike
1-1: SINGLE (Line Drive, 7LS)
Batting: LHB Jesús Ángel 0-0: Ball
1-0: Called Strike
Rubén Ayala steals 2nd base
1-1: Called Strike
1-2: Ball
2-2: Foul Ball, location: 2F
2-2: Foul Ball, location: 2F
2-2: Ball
3-2: Strikes out swinging
Batting: LHB Ernie Jackson 0-0: Ball
1-0: Called Strike
1-1: Foul Ball, location: 2F
1-2: Ball
2-2: Foul Ball, location: 2F
2-2: Ball
3-2: SINGLE (Line Drive, 9S)
Rubén Ayala to third
Rubén Ayala scores
Batting: LHB Luis Pérez 0-0: Ball
1-0: Ball
2-0: Foul Ball, location: 2F
2-1: Ball
3-1: Called Strike
3-2: DOUBLE (Line Drive, 89M)
Ernie Jackson to third
Ernie Jackson scores
Batting: RHB Jorge Ramírez 0-0: Foul Ball, location: 2F
0-1: Swinging Strike
0-2: Strikes out looking
Top of the 5th over - 2 run(s), 3 hit(s), 0 error(s), 1 left on base; West Virginia 2 - Montgomery 0
BOTTOM OF THE 5TH
Montgomery Biscuits batting - Pitching for West Virginia Power : RHP Zózimo Pascoal
Batting: RHB Dave Williams 0-0: Called Strike
0-1: Ball
1-1: Ball
2-1: Foul Ball, location: 2F
2-2: Strikes out swinging
Batting: SHB Andrew Curran 0-0: Ball
1-0: Ball
2-0: Ball
3-0: Base on Balls
Batting: RHB Juan Flores 0-0: Called Strike
0-1: Grounds into double play, 6-4-3 (Groundball, 6)
Bottom of the 5th over - 0 run(s), 0 hit(s), 0 error(s), 0 left on base; West Virginia 2 - Montgomery 0
TOP OF THE 6TH
West Virginia Power batting - Pitching for Montgomery Biscuits : RHP Stanley Briggs
Batting: RHB Alfonso Huertas 0-0: Ball
1-0: Ball
2-0: Swinging Strike
2-1: SINGLE (Line Drive, 4MD)
Batting: RHB Eric Johnson 0-0: Ball
1-0: Called Strike
1-1: Ball
2-1: Called Strike
2-2: Foul Ball, location: 2F
2-2: Ball
3-2: Strikes out swinging
Batting: RHB Wilson Gonzáles 0-0: Ball
Alfonso Huertas is caught stealing 2nd base
1-0: Ball
2-0: Ball
3-0: Base on Balls
Batting: RHB Cristián Herrera 0-0: Ball
1-0: Foul Ball, location: 2F
1-1: SINGLE (Flyball, 9LS)
Wilson Gonzáles to second
Runner from 2nd tries for 3rd, SAFE, throw made to third
Batting: RHB Rubén Ayala 0-0: SINGLE (Groundball, 56D)
Wilson Gonzáles scores
Cristián Herrera to second
Batting: LHB Jesús Ángel 0-0: Called Strike
0-1: Swinging Strike
0-2: Ball
1-2: Foul Ball, location: 2F
1-2: Ball
2-2: Strikes out looking
Top of the 6th over - 1 run(s), 3 hit(s), 0 error(s), 2 left on base; West Virginia 3 - Montgomery 0
BOTTOM OF THE 6TH
Montgomery Biscuits batting - Pitching for West Virginia Power : RHP Zózimo Pascoal
Batting: RHB Gabriel Miranda 0-0: Called Strike
0-1: Called Strike
0-2: Foul Ball, location: 2F
0-2: Ball
1-2: Ground out 5-3 (Groundball, 5)
Batting: RHB Orlando Sánchez 0-0: Ball
1-0: Called Strike
1-1: Ball
2-1: Foul Ball, location: 2F
2-2: Foul Ball, location: 2F
2-2: SINGLE (Groundball, 56D)
Batting: LHB Ben Kelley 0-0: Called Strike
Orlando Sánchez steals 2nd base
0-1: DOUBLE (Line Drive, 7LS)
Orlando Sánchez scores
Batting: RHB Jean-Paul St-Pierre 0-0: Fly out, F4 (Popup, 4D)
Batting: RHB Vicente Carona 0-0: Ball
1-0: Ball
2-0: Called Strike
2-1: Ground out 6-3 (Groundball, 6)
Bottom of the 6th over - 1 run(s), 2 hit(s), 0 error(s), 1 left on base; West Virginia 3 - Montgomery 1
TOP OF THE 7TH
West Virginia Power batting - Pitching for Montgomery Biscuits : RHP Stanley Briggs
Pitching: LHP Steve Billington
Batting: LHB Ernie Jackson 0-0: Called Strike
0-1: Foul Ball, location: 2F
0-2: Foul Ball, location: 2F
0-2: Ball
1-2: SINGLE (Line Drive, 6MD)
Batting: LHB Luis Pérez 0-0: Ball
Ernie Jackson steals 2nd base
1-0: Intentional Walk
Batting: RHB Jorge Ramírez 0-0: Ball
1-0: Fly out, F9 (Flyball, 89S)
Batting: RHB Alfonso Huertas 0-0: Ball
1-0: Foul Ball, location: 2F
1-1: Ball
2-1: 3-RUN HOME RUN (Line Drive, 7D), Distance : 383 ft
Pitching: RHP Ángel Ávila
Batting: RHB Eric Johnson 0-0: Ball
1-0: Swinging Strike
1-1: Ball
2-1: Called Strike
2-2: Ball
3-2: Foul Ball, location: 2F
3-2: SINGLE (Groundball, 56D) (infield hit)
Batting: RHB Wilson Gonzáles 0-0: Called Strike
0-1: Foul Ball, location: 2F
0-2: Foul Ball, location: 2F
0-2: Grounds into double play, 6-4-3 (Groundball, 6)
Top of the 7th over - 3 run(s), 3 hit(s), 0 error(s), 0 left on base; West Virginia 6 - Montgomery 1
BOTTOM OF THE 7TH
Montgomery Biscuits batting - Pitching for West Virginia Power : RHP Zózimo Pascoal
Pitching: RHP Cory Lowe
Batting: RHB Pete Smith 0-0: Called Strike
0-1: Ball
1-1: Foul Ball, location: 2F
1-2: Foul Ball, location: 2F
1-2: Strikes out swinging
Batting: RHB Dave Williams 0-0: SOLO HOME RUN (Flyball, 78D), Distance : 396 ft
Batting: SHB Andrew Curran 0-0: Ball
1-0: Called Strike
1-1: Fly out, F8 (Flyball, 8LM)
Batting: RHB Juan Flores 0-0: Called Strike
0-1: Ball
1-1: Swinging Strike
1-2: Strikes out swinging
Bottom of the 7th over - 1 run(s), 1 hit(s), 0 error(s), 0 left on base; West Virginia 6 - Montgomery 2
TOP OF THE 8TH
West Virginia Power batting - Pitching for Montgomery Biscuits : RHP Ángel Ávila
Batting: RHB Cristián Herrera 0-0: Swinging Strike
0-1: Ball
1-1: Swinging Strike
1-2: Strikes out swinging
Batting: RHB Rubén Ayala 0-0: Ball
1-0: Ground out 3-1 (Groundball, 34)
Batting: LHB Jesús Ángel 0-0: Called Strike
0-1: SINGLE (Flyball, 78M)
Batting: LHB Ernie Jackson 0-0: Called Strike
0-1: Fly out, F3 (Popup, 3F)
Top of the 8th over - 0 run(s), 1 hit(s), 0 error(s), 1 left on base; West Virginia 6 - Montgomery 2
BOTTOM OF THE 8TH
Montgomery Biscuits batting - Pitching for West Virginia Power : RHP Cory Lowe
Batting: RHB Gabriel Miranda 0-0: Called Strike
0-1: Ball
1-1: Ball
2-1: Fly out, F8 (Flyball, 8RM)
Batting: RHB Orlando Sánchez 0-0: Foul Ball, location: 2F
0-1: Ball
1-1: DOUBLE (Line Drive, 5L)
Batting: LHB Ben Kelley 0-0: Called Strike
0-1: Foul Ball, location: 2F
0-2: Ball
1-2: Strikes out swinging
Batting: RHB Jean-Paul St-Pierre 0-0: Ball
1-0: Ball
2-0: Called Strike
2-1: Ball
3-1: Swinging Strike
3-2: Strikes out swinging
Bottom of the 8th over - 0 run(s), 1 hit(s), 0 error(s), 1 left on base; West Virginia 6 - Montgomery 2
TOP OF THE 9TH
West Virginia Power batting - Pitching for Montgomery Biscuits : RHP Ángel Ávila
Pitching: RHP Manuel Romero
Batting: LHB Luis Pérez 0-0: Ball
1-0: Called Strike
1-1: Bunted foul
1-2: Strikes out swinging
Batting: RHB Jorge Ramírez 0-0: Called Strike
0-1: Swinging Strike
0-2: Foul Ball, location: 2F
0-2: Ball
1-2: Strikes out swinging
Batting: RHB Alfonso Huertas 0-0: Ball
1-0: Ball
2-0: Called Strike
2-1: Swinging Strike
2-2: Strikes out swinging
Top of the 9th over - 0 run(s), 0 hit(s), 0 error(s), 0 left on base; West Virginia 6 - Montgomery 2
BOTTOM OF THE 9TH
Montgomery Biscuits batting - Pitching for West Virginia Power : RHP Cory Lowe
Pitching: RHP Juan Herrera
Batting: RHB Vicente Carona 0-0: Swinging Strike
0-1: Called Strike
0-2: Foul Ball, location: 2F
0-2: Foul Ball, location: 2F
0-2: Ball
1-2: Ball
2-2: Ball
3-2: Base on Balls
Batting: RHB Pete Smith 0-0: Swinging Strike
0-1: Grounds into double play, U6-3 (Groundball, 6M)
Batting: RHB Dave Williams 0-0: DOUBLE (Line Drive, 8LM)
Batting: SHB Andrew Curran 0-0: Fly out, F5 (Popup, 5SF)
Bottom of the 9th over - 0 run(s), 1 hit(s), 0 error(s), 1 left on base; West Virginia 6 - Montgomery 2
This league is powered by Out of the Park Baseball, the baseball management simulation game for PC, Mac and Linux
Wednesday, December 2nd, 2015 - OOTP Baseball 16.8 Build 38